AoeStats
← O grande

Arabia

509600887Analyzed
1v1 RM · 4d ago on Sep 27, 2026· 50m 12s· 2 players
Game mode
Random Map
Map size
Tiny (2 player)
Population
200
Speed
Normal
Resources
Standard
Victory
Conquest
Starting age
Dark Age
Ending age
Imperial Age
RankedLock teamsTeams togetherTeam positionsShared explorationLock speedFull tech treeHidden civsTurbo modeCheats
Victory
Defeat
🇧🇷 Tatars · Brazil
2075
+17
🇫🇷 Inca · France
2099
-17
O grande
7:31 Loom
10:13 Feudal Age
10:23 Man-at-Arms
11:02 Double-Bit Axe
12:27 Horse Collar
14:17 Fletching
16:35 Padded Archer Armor
22:59 Castle Age
21:25 Gold Mining
22:50 Bloodlines
23:00 Scale Barding Armor
23:56 Bow Saw
24:00 Bodkin Arrow
26:36 Heavy Plow
27:22 Wheelbarrow
28:14 Husbandry
29:15 Hand Cart
30:31 Town Watch
35:49 Gold Shaft Mining
35:48 Ballistics
41:08 Imperial Age
40:08 Chain Barding Armor
41:59 Bracer
43:07 Chemistry
43:58 Crop Rotation
44:06 Heavy Cavalry Archer
45:56 Light Cavalry
47:24 Plate Barding Armor
47:16 Conscription
49:20 Hussar
50:40 Forging
Uzikoti l'éthéré
6:53 Loom
8:51 Feudal Age
10:19 Champi Runner
10:40 Champi Runner
12:42 Fletching
15:47 Scale Mail Armor
17:51 Double-Bit Axe
22:59 Castle Age
21:30 Padded Archer Armor
22:47 Forging
22:54 Arson
23:03 Champi Warrior
23:48 Squires
23:42 Elite Skirmisher
25:17 Wheelbarrow
28:38 Chain Mail Armor
28:22 Horse Collar
28:40 Gold Mining
30:57 Stone Mining
40:41 Town Watch
41:02 Pikeman
42:04 Bodkin Arrow
46:16 Ballistics
46:16 Hand Cart
47:44 Leather Archer Armor
51:50 Imperial Age
Connection lost

Rejoining the realm…

Still unreachable

The connection could not be restored.

Session expired

The server has moved on; the page needs a fresh start.